 Dungeon Crawl Stone Soup version 0.29-a0-866-g0545e20025 (webtiles) character file.

Game seed: 17039326741380196748

109 Malachi the Magician (level 5, -5/37 HPs)
             Began as a Djinni Wanderer on July 16, 2022.
             Killed by nerve-wracking pain
             ... invoked by Grinder
              (8 damage)
             ... on level 3 of the Dungeon.
             The game lasted 00:03:53 (3369 turns).

Malachi the Magician (Djinni Wanderer)              Turns: 3369, Time: 00:03:53

Health: -5/37      AC:  4    Str: 11    XL:     5   Next: 13%
Gold:   103        EV: 12    Int: 18    God:
                   SH:  0    Dex: 12

rFire   + + .      SeeInvis .   l - +5 quarterstaff "Efos" {holy, rCorr Int+2}
rCold   x . .      Faith    .   (shield currently unavailable)
rNeg    . . .      Spirit   .   c - +0 robe
rPois   ∞          Reflect  .   d - +0 helmet
rElec   .          Harm     .   (no cloak)
rCorr   +          Rampage  .   m - +0 pair of gloves
Will    .....                   (boots unavailable)
Stlth   ++........              (no amulet)
HPRegen 0.12/turn               (no ring)
MPRegen 0.00/turn               (no ring)

@: flying, hasted, very quick
A: sickness immunity, fire resistance 2, cold vulnerability 1, float, innate
caster, HP casting, extra vitality 1
a: no special abilities


You were on level 3 of the Dungeon.
You visited 1 branch of the dungeon, and saw 3 of its levels.

You collected 103 gold pieces.

Inventory:

Hand Weapons
 l - the +5 quarterstaff "Efos" (weapon) {holy, rCorr Int+2}
   (You took it off a kobold on level 2 of the Dungeon)

   It has been blessed by the Shining One to cause great damage to the undead
   and demons.
   Int:       It affects your intelligence (+2).
   rCorr:     It protects you from acid and corrosion.
Armour
 c - a +0 robe (worn)
 d - a +0 helmet (worn)
 m - a +0 pair of gloves (worn)
Scrolls
 a - a scroll of fog {unknown}
 e - 2 scrolls of poison {unknown}
 h - 3 scrolls of identify {unknown}
 j - a scroll of fear {unknown}
 k - a scroll of teleportation {unknown}
 n - a scroll of enchant weapon {unknown}
 p - a scroll of silence {unknown}
 q - 2 scrolls of summoning {unknown}
Potions
 b - 2 potions of attraction
 f - a potion of curing
 i - a potion of lignification {unknown}
 o - a potion of might {unknown}


   Skills:
 - Level 1.2 Fighting
 - Level 1.3 Dodging
 - Level 2.5 Stealth
 * Level 4.0 Spellcasting
 - Level 1.2 Evocations


You couldn't memorise any spells.
You knew the following spells:

 Your Spells              Type           Power      Damage    Failure   Level
a - Sting                 Tmut/Pois      72%        1d6       2%          1
b - Olgreb's Toxic Radia  Pois           18%        N/A       28%         4
c - Mephitic Cloud        Conj/Pois/Air  18%        N/A       9%          3
d - Necrotise             Necr           72%        1d7       2%          1
e - Vampiric Draining     Necr           18%        2d7       9%          3
f - Freeze                Ice            72%        1d9       2%          1
g - Passwall              Tmut/Erth      15%        N/A       4%          2

Your spell library contained the following spells:

 Spells                   Type           Power      Damage    Failure   Level


Dungeon Overview and Level Annotations

Branches:
Dungeon (3/15)

Altars:

Annotations:
D:3 Grinder


Innate Abilities, Weirdness & Mutations

You are immune to sickness and miasma.
You are immune to poison.
Your flesh is very heat resistant. (rF++)
You are vulnerable to cold. (rC-)
You float through the air rather than walking.
You learn spells naturally, not from books.
Your magical power is your life essence.
You have superior vitality. (+4 MHP)


Message History

Okay, then.
Unknown command.
A rat comes into view.
Found 2 stones and a scroll of immolation.
Found a faded altar of an unknown god.
Grinder shouts!
Grinder gestures at you. Pain shoots through your body!
You hit Grinder but do no damage. Grinder hits you.
You writhe in agony.
You closely miss Grinder. Grinder hits you!
You writhe in agony.
* * * LOW HITPOINT WARNING * * *
You thump Grinder!
Grinder convulses!
Grinder is heavily wounded.
Grinder closely misses you. Grinder hits you.
* * * LOW HITPOINT WARNING * * *
You writhe in agony.
* * * LOW HITPOINT WARNING * * *
You barely miss Grinder.
Grinder is heavily wounded.
Grinder barely misses you.
You barely miss Grinder.
Grinder is heavily wounded.
Grinder barely misses you. The rat bites you but does no damage.
You closely miss Grinder.
Grinder is heavily wounded.
Grinder blinks!
The rat barely misses you. The rat closely misses you.
You completely miss the rat. The rat barely misses you.
You sock the rat!
You kill the rat!
It was a potion of curing.
You feel better.
You hit Grinder.
Grinder convulses.
Grinder is heavily wounded.
Grinder hits you!
* * * LOW HITPOINT WARNING * * *
You writhe in agony.
* * * LOW HITPOINT WARNING * * *
It was a potion of haste.
You feel yourself speed up. Grinder gestures at you.
Pain shoots through your body!
You die...

###.#..###...##.# #.# #.#
......<.##...##.# #.# #.#
###.#.#.##...##.# #.# #.#
###.#.#.##...##.###.###########.#
.........'...'...........<......#
###...#.##...####################
###.#.##...#........#
#.#.##...#........#
..#.###'##..@.....#
............5.....#
.#..#.#...#.......#
#...#.#.#.#.......#
.#....#(......# .#$#...........#
# .....#..#.......# #
...._....+.......# #
.......##........


You could see Grinder.

Vanquished Creatures
  4 gnolls (D:2)
  4 adders
  A worm (D:2)
  2 orcs (D:3)
  2 ball pythons (D:1)
  2 endoplasms
  A giant cockroach (D:3)
  4 hobgoblins
  A kobold (D:2)
  6 bats
  2 frilled lizards
  2 goblins
  2 rats
33 creatures vanquished.

Vanquished Creatures (collateral kills)
  A bat (D:1)
1 creature vanquished.

Grand Total: 34 creatures vanquished

Notes
Turn   | Place    | Note
-------+----------+-------------------------------------------
     0 | D:1      | Malachi the Djinni Wanderer began the quest for the Orb.
     0 | D:1      | Malachi set off with the following items: a +0 club, a
                  | potion of attraction, a +0 robe, a +0 helmetthe following
                  | spells memorised: Sting, Olgreb's Toxic Radiance, Mephitic
                  | Cloud, Necrotise, Vampiric Draining.
     0 | D:1      | Reached XP level 1. HP: 17/17 MP: 0/0
   507 | D:1      | Reached XP level 2. HP: 18/22 MP: 0/0
  1586 | D:2      | Reached XP level 3. HP: 24/27 MP: 0/0
  1586 | D:2      | Learned a level 1 spell: Freeze
  1607 | D:2      | Identified the +5 quarterstaff "Efos" {holy, rCorr Int+2}
  1745 | D:2      | Reached skill level 3 in Spellcasting
  1828 | D:2      | Reached XP level 4. HP: 11/32 MP: 0/0
  2983 | D:3      | Reached XP level 5. HP: 36/37 MP: 0/0
  2983 | D:3      | Learned a level 2 spell: Passwall
  3018 | D:3      | Reached skill level 4 in Spellcasting
  3354 | D:3      | Noticed Grinder
  3356 | D:3      | Found a faded altar of an unknown god.
  3369 | D:3      | Killed from afar by Grinder

Illustrated notes

Levels and vault maps discovered:
D:1:      dpeg_chamrin_arrival_tetris, layout_basic
D:2:      layout_basic
D:3:      layout_basic, hellmonk_ecumenical_altar_blasted, uniq_grinder

Skill      XL: |  1  2  3  4  5 |
---------------+----------------+-----
Spellcasting   | 3 4 |  4.0
Fighting       | |  1.2
Dodging        | |  1.3
Stealth        | |  2.5
Evocations     | |  1.2

Action                   |  1- 3 |  4- 6 || total
-------------------------+-------+-------++-------
Melee: Quarterstaff      |     5 |    19 ||    24
 Cast: Necrotise         |    28 |       ||    28
       Sting             |    23 |    27 ||    50
       Mephitic Cloud    |     1 |       ||     1
  Use: Potion            |       |     2 ||     2
Armor: Robe              |     9 |     4 ||    13
Dodge: Dodged            |    22 |    22 ||    44

Table legend: (Time is in decaauts)
 A = Elapsed time spent in this place.
 B = Non-inter-level travel time spent in this place.
 C = Inter-level travel time spent in this place.
 D = Time resting spent in this place.
 E = Time spent auto-exploring this place.
 F = Levels seen in this place.
 G = Mean time per level.
                   A        B        C        D        E       F      G
               +--------+--------+--------+--------+--------+-----+--------+
         Total |   3375 |   3292 |     83 |    630 |   2346 |   3 | 1125.0 |
       Dungeon |   3375 |   3292 |     83 |    630 |   2346 |   3 | 1125.0 |
               +--------+--------+--------+--------+--------+-----+--------+

Top non-repeatable levels by time:
     D:2: 1504 daAuts
     D:1: 1028 daAuts
     D:3: 842 daAuts
